 Dungeon Crawl Stone Soup version 0.31-a0-876-gfe8ebadbca (webtiles) character file.

Game seed: 6028598529174680685

101 Shayle the Changeling (level 5, 0/42 HPs)
             Began as a Human Shapeshifter on Oct 13, 2023.
             Slain by a gnoll
             ... wielding a +0 spear
             ... led by a gnoll bouda
              (4 damage)
             ... on level 3 of the Dungeon.
             The game lasted 00:04:41 (1843 turns).

Shayle the Changeling (Human Shapeshifter)          Turns: 1843, Time: 00:04:42

Health: 0/42       AC:  5    Str: 15    XL:     5   Next: 4%
Magic:  5/5        EV: 10    Int: 12    God:
Gold:   104        SH:  3    Dex: 12    Spells: 4/4 levels left

rFire   + . .        l - +4 dagger
rCold   + . .        u - +0 buckler
rNeg    . . .        n - +0 ring mail
rPois   +            (helmet currently unavailable)
rElec   +            (cloak currently unavailable)
rCorr   +            (gloves currently unavailable)
SInv    .            (boots currently unavailable)
Will    .....        (no amulet)
Stlth   +            (no ring)
HPRegen 0.27/turn    (no ring)
MPRegen 0.09/turn

%: no passive effects
@: beast-form, resistant
A: beast (slay +2), horns 1, robust 1, MP-powered wands
a: Begin Untransformation


You were on level 3 of the Dungeon.
You were a hulking beast.
You visited 1 branch of the dungeon, and saw 3 of its levels.

You collected 104 gold pieces.

Inventory:

Hand Weapons
 l - a +4 dagger (weapon)
Missiles
 o - 2 curare-tipped darts
Armour
 a - a +0 animal skin
 e - a +0 pair of boots
 n - a +0 ring mail (worn)
 u - a +0 buckler (worn)
Jewellery
 v - an amulet of the acrobat
Talismans
 c - a beast talisman (active)
 d - a flux talisman
Scrolls
 g - a scroll of immolation {unknown}
 i - a scroll of revelation {unknown}
 j - a scroll of acquirement {unknown}
 k - a scroll of vulnerability {unknown}
 m - a scroll of teleportation {unknown}
 r - 2 scrolls of identify {unknown}
 s - a scroll of summoning {unknown}
Potions
 b - 2 potions of lignification
 h - 2 potions of mutation
 p - a potion of brilliance {unknown}
 q - a potion of ambrosia {unknown}
 t - a potion of heal wounds {unknown}


   Skills:
 + Level 2.5 Fighting
 - Level 2.0 Dodging
 - Level 3.0 Unarmed Combat
 * Level 4.4 Shapeshifting


You had 4 spell levels left.
You didn't know any spells.
Your spell library contained the following spells:

 Spells                   Type           Power      Damage    Failure   Level
 Sandblast                Erth           0%         2d4       67%         1
 Passwall                 Tmut/Erth      0%         N/A       80%         2
 Hailstorm                Conj/Ice       0%         3d3       95%         3
 Stone Arrow              Conj/Erth      0%         3d7       95%         3
 Brom's Barrelling Bould  Conj/Erth      0%         2d3       100%        4
 Summon Ice Beast         Ice/Summ       0%         N/A       100%        4
 Simulacrum               Ice/Necr       0%         N/A       100%        6


Dungeon Overview and Level Annotations

Branches:
Dungeon (3/15)

Altars:


Innate Abilities, Weirdness & Mutations

You are a hulking beast.
Your limbs bulge with bestial killing power. (Slay +2)
You have a pair of small horns on your head.
You are robust. (+10% HP)
You expend magic power (3 MP) to strengthen your wands.


Message History

You kill the hobgoblin!
You see here a hobgoblin corpse.
A gnoll bouda and a rat come into view.
The gnoll bouda shouts!
The gnoll bouda barks out a call to the hunt!
You hear a shout!
You hear a shout!
You see here an amulet of the acrobat.
v - an amulet of the acrobat The gnoll shouts!
You block the gnoll's attack.
You barely miss the gnoll. The gnoll hits you with a +0 whip.
The gnoll shouts!
You hit the gnoll.
The gnoll is heavily wounded.
The rat bites you but does no damage. The gnoll barely misses you.
You hit the gnoll.
The gnoll is severely wounded.
The rat misses you. The gnoll closely misses you. x2
You barely miss the rat. The rat bites you. The gnoll hits you with a +0 whip.
The gnoll hits you from afar with a +0 spear.
Unknown command.
You hit the rat but do no damage. The gnoll hits you with a +0 whip.
The gnoll hits you from afar with a +0 spear.
You barely miss the gnoll bouda. The gnoll hits you with a +0 whip!
The gnoll hits you from afar with a +0 spear.
The gnoll bouda barks out a call to the hunt!
Unknown command.
It was a potion of mutation.
You feel extremely strange.
You feel your magical essence link to the dungeon's wands.
You feel robust. A pair of horns grows on your head!
The gnoll hits you with a +0 whip. You block the gnoll's attack.
The gnoll bouda hits you with a +0 whip!
* * * LOW HITPOINT WARNING * * *
It was a potion of resistance.
You feel protected. The gnoll hits you with a +0 whip.
* * * LOW HITPOINT WARNING * * *
The gnoll hits you from afar with a +0 spear.
You die...

## ..# .# #.. .#..# #.#
#.#.# ## #.##.##
#######.#.#####.. ......
#...............###.#..#
#.#####..rg......##.#..#
#.# ###g######.##.#..#
#.# #h#####...#.#..# #.#
#.gg...........# #.#
#######...#..#.# #.#
##.##....# #.# #.##..###
#.# ######.##.<# #.#
#......##..# #.###
#.#######.o##### #...#
#.# #.......


You could see a gnoll bouda, 3 gnolls and a rat.

Vanquished Creatures
  A jelly (D:2)
  A gnoll (D:2)
  2 adders (D:2)
  2 dart slugs
  An orc (D:3)
  6 endoplasms
  A giant cockroach (D:2)
  2 hobgoblins
  4 kobolds
  3 ball pythons (D:2)
  6 bats
  4 frilled lizards
  3 goblins
  5 rats
41 creatures vanquished.

Notes
Turn   | Place    | Note
-------+----------+-------------------------------------------
     0 | D:1      | Shayle the Human Shapeshifter began the quest for the Orb.
     0 | D:1      | Reached XP level 1. HP: 15/15 MP: 1/1
   210 | D:1      | Reached XP level 2. HP: 21/21 MP: 2/2
   276 | D:1      | Found a faded altar of an unknown god.
   627 | D:1      | Reached XP level 3. HP: 21/26 MP: 3/3
   869 | D:2      | Reached skill level 4 in Shapeshifting
   869 | D:2      | Reached XP level 4. HP: 33/33 MP: 4/4
  1591 | D:3      | Reached XP level 5. HP: 39/39 MP: 5/5
  1625 | D:3      | Noticed an orc warrior
  1842 | D:3      | Gained mutation: You expend magic power (3 MP) to
                  | strengthen your wands. [potion of mutation]
  1842 | D:3      | Gained mutation: You are robust. (+10% HP) [potion of
                  | mutation]
  1842 | D:3      | Gained mutation: You have a pair of small horns on your
                  | head. [potion of mutation]
  1843 | D:3      | Slain by a gnoll

Illustrated notes

Levels and vault maps discovered:
D:1:      roderic_dead_forest, layout_basic,
          hellmonk_ecumenical_altar_leap_of_faith
D:2:      layout_loops_ring, minmay_pentomino_t4
D:3:      layout_loops_ring, uniq_ijyb

Skill      XL: |  1  2  3 |
---------------+----------+-----
Fighting       | 2 |  2.5
Shapeshifting  | 4 |  4.4
Dodging        | |  2.0
Unarmed Combat | |  3.0

Action                     |  1- 3 |  4- 6 || total
---------------------------+-------+-------++-------
  Melee: Unarmed           |    36 |       ||    36
         Dagger            |    29 |    36 ||    65
         Punch             |     3 |     1 ||     4
    Use: Potion            |       |     2 ||     2
 Armour: Animal skin       |    22 |       ||    22
         Ring mail         |    10 |    38 ||    48
  Dodge: Dodged            |    55 |    26 ||    81
  Block: Buckler           |       |     3 ||     3

Table legend: (Time is in decaauts)
 A = Elapsed time spent in this place.
 B = Non-inter-level travel time spent in this place.
 C = Inter-level travel time spent in this place.
 D = Time resting spent in this place.
 E = Time spent auto-exploring this place.
 F = Levels seen in this place.
 G = Mean time per level.
                   A        B        C        D        E       F      G
               +--------+--------+--------+--------+--------+-----+--------+
         Total |   1841 |   1722 |    119 |    185 |   1099 |   3 |  613.7 |
       Dungeon |   1841 |   1722 |    119 |    185 |   1099 |   3 |  613.7 |
               +--------+--------+--------+--------+--------+-----+--------+

Top non-repeatable levels by time:
     D:2: 911 daAuts
     D:1: 696 daAuts
     D:3: 232 daAuts
